 Dungeon Crawl Stone Soup version 0.30-a0-310-g7d6cbdfea6 (webtiles) character file.

Game seed: 17397147712261361779

800 hikkokomori the Caller (level 7, 0/58 HPs)
             Began as a Demigod Summoner on Oct 25, 2022.
             Slain by an orc
             ... wielding a +0 hand axe
              (6 damage)
             ... on level 4 of the Dungeon.
             The game lasted 00:13:58 (3914 turns).

hikkokomori the Caller (Demigod Summoner)           Turns: 3914, Time: 00:13:58

Health: 0/58       AC:  4    Str:  9    XL:     7   Next: 32%
Magic:  5/13       EV: 16    Int: 21    God:
Gold:   179        SH:  0    Dex: 18    Spells: 1/10 levels left

rFire   . . .      SeeInvis .    e - +0 great sword
rCold   . . .      Faith    .    (shield currently unavailable)
rNeg    . . .      Spirit   .    a - +0 robe
rPois   .          Reflect  .    y - +0 helmet
rElec   .          Harm     .    (no cloak)
rCorr   .          Rampage  .    c - +0 pair of gloves
Will    .....                    (no boots)
Stlth   +.........               (no amulet)
HPRegen 0.29/turn                z - +4 ring of evasion
MPRegen 0.13/turn                (no ring)

@: confused, ambrosia-drunk
A: high MP 1, forlorn, divine attributes
a: no special abilities


You were on level 4 of the Dungeon.
You visited 1 branch of the dungeon, and saw 4 of its levels.

You collected 179 gold pieces.

Inventory:

Hand Weapons
 e - a +0 great sword (weapon)
 h - a +0 dagger of protection
 m - a +2 dagger of freezing
 p - a +2 short sword of electrocution
 D - a +0 scimitar
Missiles
 s - 2 poisoned darts
Armour
 a - a +0 robe (worn)
 c - a +0 pair of gloves (worn)
 y - a +0 helmet (worn)
Jewellery
 z - a +4 ring of evasion (left hand)
 C - a ring of protection from cold
Scrolls
 d - a scroll of vulnerability {unknown}
 f - 3 scrolls of identify {unknown}
 g - 2 scrolls of teleportation
 l - 2 scrolls of summoning {unknown}
 n - a scroll of enchant weapon {unknown}
 o - a scroll of fear {unknown}
 r - a scroll of amnesia {unknown}
 u - a scroll of poison {unknown}
 w - 2 scrolls of magic mapping {unknown}
 x - a scroll of blinking {unknown}
 B - a scroll of fog {unknown}
Potions
 b - a potion of magic
 j - a potion of haste {unknown}
 q - a potion of lignification {unknown}
 t - a potion of curing {unknown}
 v - 2 potions of attraction {unknown}
 A - a potion of mutation {unknown}


   Skills:
 + Level 3.7 Fighting
 - Level 2.1 Dodging
 - Level 3.5 Stealth
 - Level 2.0 Spellcasting
 * Level 6.9 Summonings


You had one spell level left.
You knew the following spells:

 Your Spells              Type           Power      Damage    Failure   Level
a - Summon Small Mammal   Summ           100%       N/A       1%          1
b - Call Imp              Summ           31%        N/A       1%          2
c - Call Canine Familiar  Summ           31%        N/A       2%          3
d - Summon Guardian Gole  Hex/Summ       16%        N/A       11%         3

Your spell library contained the following spells:

 Spells                   Type           Power      Damage    Failure   Level
 Summon Lightning Spire   Summ/Air       16%        N/A       34%         4
 Ignite Poison            Fire/Tmut/Pois 2%         N/A       41%         3
 Kindle Blastsparks       Fire/Tloc/Air  4%         2d10      41%         3
 Freezing Cloud           Conj/Ice/Air   1%         6-21      99%         5


Dungeon Overview and Level Annotations

Branches:
Dungeon (4/15)
 Temple: D:4-7

Shops:
D:3 *   D:4 *


Innate Abilities, Weirdness & Mutations

You have an increased reservoir of magic. (+10% MP)
You shall have no god before yourself.
Your divine heritage dramatically boosts your attributes as you level up.


Message History

Your crimson imp blinks!
The orc priest invokes the aid of Beogh against you.
Beogh smites you!
* * * LOW HITPOINT WARNING * * *
Your crimson imp blinks!
You feel much better.
The orc hits your guardian golem with a +0 club.
Unknown command.
You barely miss the orc priest.
The orc priest is heavily wounded.
The orc priest closely misses you. The orc misses you.
The orc hits your guardian golem but does no damage. x2
Unknown command.
Casting: Summon Guardian Golem (dangerous; 11% risk of failure)
Confirm with . or Enter, or press ? or * to list all spells.
The orc barely misses you.
The orc hits your guardian golem with a +0 hand axe.
The orc priest barely misses you.
The orc hits your guardian golem but does no damage.
You hit the orc priest.
The orc priest is severely wounded.
The orc barely misses you.
The orc hits your guardian golem with a +0 hand axe.
The orc hits your hound with a +0 hand axe.
The orc hits your guardian golem but does no damage.
The orc priest invokes the aid of Beogh against you.
Beogh smites you!
* * * LOW HITPOINT WARNING * * *
Your hound closely misses the orc.
The orc priest hits you with a +0 war axe!
* * * LOW HITPOINT WARNING * * *
The orc hits you with a +0 hand axe.
* * * LOW HITPOINT WARNING * * *
The orc hits your guardian golem but does no damage.
The orc hits your hound with a +0 hand axe.
The orc hits your guardian golem but does no damage.
You are confused.
You feel invigorated.
Your hound closely misses the orc.
The orc hits you with a +0 hand axe.
You die...

#.##.#.##..######.....###
#.##.#.###....#######.#<.
#....#.# ####....# #....
#. ######.###
####.####.... #. #...#
#...##.... ..#+#
#########'### ###.##....
....####...........#
#..#....
.......(......5o...#
##......
...............o@..#
#####'#
..............o9h..# #.#
.$..............)..# ##..
...................# #...
$..................# #...
...................# #...
...................# ####
#################### #


You could see an orc priest (ally target), 2 orcs, a friendly guardian golem
(summoned), a friendly hound (summoned, sheltered) and a friendly crimson imp
(summoned, sheltered).

Vanquished Creatures
  A black bear (D:4)
  A lemure (D:4)
  An adder (D:4)
  2 gnolls (D:3)
  A white imp (D:3)
  3 worms (D:2)
  6 dart slugs
  4 orcs
  5 ball pythons
  5 bats (D:3)
  3 endoplasms
  A giant cockroach (D:3)
  8 hobgoblins
  5 kobolds
  A quokka (D:1)
  3 frilled lizards
  7 goblins
57 creatures vanquished.

Vanquished Creatures (collateral kills)
  Pikel (D:4)
  An orc priest (D:3)
  An orc wizard (D:3)
  Robin (D:3)
  2 gnolls (D:3)
  An adder (D:3)
  10 orcs
  3 bats
  An endoplasm (D:2)
  A giant cockroach (D:2)
  4 jackals (D:2)
  2 quokkas (D:3)
28 creatures vanquished.

Grand Total: 85 creatures vanquished

Notes
Turn   | Place    | Note
-------+----------+-------------------------------------------
     0 | D:1      | hikkokomori the Demigod Summoner began the quest for the
                  | Orb.
     0 | D:1      | Reached XP level 1. HP: 14/14 MP: 5/5
   627 | D:1      | Reached XP level 2. HP: 19/20 MP: 7/7
   868 | D:2      | Learned a level 2 spell: Call Imp
  1201 | D:2      | Reached skill level 4 in Summonings
  1201 | D:2      | Reached XP level 3. HP: 23/27 MP: 5/8
  1205 | D:2      | Learned a level 3 spell: Call Canine Familiar
  1795 | D:3      | Reached skill level 1 in Fighting
  2006 | D:3      | Reached XP level 4. HP: 26/35 MP: 4/9
  2319 | D:3      | Reached XP level 5. HP: 26/41 MP: 1/10
  2597 | D:3      | Reached skill level 5 in Summonings
  2855 | D:3      | Found Zoecs's General Store.
  2941 | D:3      | Noticed Robin
  3120 | D:3      | Killed Robin
  3452 | D:4      | Noticed a black bear
  3460 | D:4      | Killed a black bear
  3461 | D:4      | Reached XP level 6. HP: 49/49 MP: 5/11
  3465 | D:4      | Learned a level 3 spell: Summon Guardian Golem
  3672 | D:4      | Found Veywoach's Fire Supplies.
  3864 | D:4      | Noticed Pikel
  3873 | D:4      | Paralysed by Pikel for 4 turns
  3882 | D:4      | Paralysed by Pikel for 5 turns
  3888 | D:4      | Killed Pikel
  3889 | D:4      | Reached skill level 6 in Summonings
  3889 | D:4      | Reached XP level 7. HP: 18/58 MP: 5/13
  3913 | D:4      | HP: 2/58 [orc/+0 hand axe (4)]
  3914 | D:4      | Slain by an orc

Illustrated notes

Levels and vault maps discovered:
D:1:      enne_arrival_octagon_isle, layout_basic
D:2:      layout_basic, nicolae_ecumenical_lake_church
D:3:      cheibrodos_helix_gallery, layout_basic, nicolae_tso_carved_into_rock,
          serial_shops, shop, chequers_serial_rivers_room_a, uniq_robin
D:4:      layout_basic, nicolae_shop_fire_sale [nicolae_sub_dead_trees],
          uniq_duvessa, uniq_pikel

Skill      XL: |  1  2  3  4  5  6 |
---------------+-------------------+-----
Dodging        | 2 |  2.1
Stealth        | 2 3 |  3.5
Spellcasting   | 2 |  2.0
Summonings     | 4 5 6 |  6.9
Fighting       | 1 2 3 |  3.7

Action                   |  1- 3 |  4- 6 |  7- 9 || total
-------------------------+-------+-------+-------++-------
Melee: Unarmed           |    26 |       |       ||    26
       Great sword       |    92 |   103 |     4 ||   199
Throw: Dart              |       |     2 |       ||     2
 Cast: Summon Small Mamm |     5 |     4 |       ||     9
       Call Imp          |     7 |     5 |     1 ||    13
       Call Canine Famil |     2 |     7 |     1 ||    10
       Summon Guardian G |       |     1 |     1 ||     2
  Use: Potion            |       |     2 |     2 ||     4
       Scroll            |       |     2 |       ||     2
 Stab: Sleeping          |    10 |     4 |       ||    14
       Distracted        |       |     1 |       ||     1
Armor: Robe              |    46 |    46 |       ||    92
Dodge: Dodged            |   101 |    99 |     5 ||   205

Table legend: (Time is in decaauts)
 A = Elapsed time spent in this place.
 B = Non-inter-level travel time spent in this place.
 C = Inter-level travel time spent in this place.
 D = Time resting spent in this place.
 E = Time spent auto-exploring this place.
 F = Levels seen in this place.
 G = Mean time per level.
                   A        B        C        D        E       F      G
               +--------+--------+--------+--------+--------+-----+--------+
         Total |   4054 |   3833 |    221 |     37 |   2866 |   4 | 1013.5 |
       Dungeon |   4054 |   3833 |    221 |     37 |   2866 |   4 | 1013.5 |
               +--------+--------+--------+--------+--------+-----+--------+

Top non-repeatable levels by time:
     D:3: 1679 daAuts
     D:2: 1040 daAuts
     D:1: 755 daAuts
     D:4: 579 daAuts
